BSA
NASHVILLE G-STRINGS @ POCATELLO BELLAS
09/11/2030
 
TOP OF THE 1ST
Nashville G-Strings batting - Pitching for Pocatello Bellas : RHP Derek Simpson
Pitching: RHP Derek Simpson
Batting: RHB Eric Thompson 0-0: SINGLE (Groundball, 25) (infield hit)
Batting: LHB Robinson Fernández 0-0: Ball
1-0: Ball
2-0: Swinging Strike
2-1: Called Strike
2-2: Strikes out swinging
Batting: RHB Sergio Márquez 0-0: Called Strike
Eric Thompson steals 2nd base
0-1: Ball
1-1: Ground out 5-3 (Groundball, 5L)
Batting: SHB Ricardo Arévalo 0-0: Called Strike
0-1: Called Strike
0-2: Foul Ball, location: 2F
0-2: Ball
1-2: Strikes out swinging
Top of the 1st over - 0 runs, 1 hit, 0 errors, 1 left on base; Nashville 0 - Pocatello 0
BOTTOM OF THE 1ST
Pocatello Bellas batting - Pitching for Nashville G-Strings : LHP Kip Manning
Pitching: LHP Kip Manning
Batting: SHB Shane Hutchinson 0-0: Called Strike
0-1: Called Strike
0-2: Ball
1-2: Foul Ball, location: 2F
1-2: Fly out, F9 (Flyball, 9)
Batting: RHB Lonnie Anderson 0-0: Swinging Strike
0-1: Ball
1-1: Ball
2-1: Swinging Strike
2-2: Strikes out looking
Batting: RHB Buck Jones 0-0: Ball
1-0: Called Strike
1-1: Foul Ball, location: 2F
1-2: Fly out, F4 (Popup, 4MD)
Bottom of the 1st over - 0 runs, 0 hits, 0 errors, 0 left on base; Nashville 0 - Pocatello 0
TOP OF THE 2ND
Nashville G-Strings batting - Pitching for Pocatello Bellas : RHP Derek Simpson
Batting: LHB Bob Cunningham 0-0: Called Strike
0-1: Foul Ball, location: 2F
0-2: DOUBLE (Groundball, 3L)
Batting: RHB Wilfred Martin 0-0: Called Strike
0-1: Foul Ball, location: 2F
0-2: Ball
1-2: Ground out 5-3 (Groundball, 56)
Batting: RHB Jesús Cabrera 0-0: Ball
1-0: Ball
2-0: Swinging Strike
2-1: Ball
3-1: SINGLE (Groundball, 56D)
Bob Cunningham to third
Batting: LHB Richard Olvera 0-0: Called Strike
0-1: Ball
Jesús Cabrera steals 2nd base
1-1: Ball
2-1: DOUBLE (Flyball, 78D)
Bob Cunningham scores
Jesús Cabrera scores
Batting: LHB George Smith 0-0: Called Strike
0-1: Called Strike
Richard Olvera steals 3rd base
0-2: Foul Ball, location: 2F
0-2: Strikes out swinging
Batting: RHB Eric Thompson 0-0: Ball
1-0: Ball
2-0: Ball
3-0: Base on Balls
Batting: LHB Robinson Fernández 0-0: Ball
1-0: Foul Ball, location: 2F
1-1: Ground out 1-3 (Groundball, 13)
Top of the 2nd over - 2 runs, 3 hits, 0 errors, 2 left on base; Nashville 2 - Pocatello 0
BOTTOM OF THE 2ND
Pocatello Bellas batting - Pitching for Nashville G-Strings : LHP Kip Manning
Batting: RHB Javier Deleón 0-0: Ball
1-0: Ball
2-0: SINGLE (Groundball, 56D)
Batting: RHB Júlio Figueroa 0-0: Ball
1-0: Foul Ball, location: 2F
1-1: Called Strike
1-2: Foul Ball, location: 2F
1-2: Grounds into double play, 4-6-3 (Groundball, 4)
Batting: RHB José Herrera 0-0: Foul Ball, location: 2F
0-1: Called Strike
0-2: Strikes out swinging
Bottom of the 2nd over - 0 runs, 1 hit, 0 errors, 0 left on base; Nashville 2 - Pocatello 0
TOP OF THE 3RD
Nashville G-Strings batting - Pitching for Pocatello Bellas : RHP Derek Simpson
Batting: RHB Sergio Márquez 0-0: Ball
1-0: Swinging Strike
1-1: Called Strike
1-2: Strikes out swinging
Batting: SHB Ricardo Arévalo 0-0: Ball
1-0: Swinging Strike
1-1: SINGLE (Line Drive, 34D)
Batting: LHB Bob Cunningham 0-0: Ball
1-0: Ball
2-0: SINGLE (Groundball, 4MD)
Ricardo Arévalo to second
Batting: RHB Wilfred Martin 0-0: Foul Ball, location: 2F
0-1: Called Strike
0-2: Ball
1-2: Foul Ball, location: 2F
1-2: Foul Ball, location: 2F
1-2: Strikes out looking
Batting: RHB Jesús Cabrera 0-0: Called Strike
0-1: Called Strike
0-2: Ball
1-2: Fly out, F3 (Popup, 34S)
Top of the 3rd over - 0 runs, 2 hits, 0 errors, 2 left on base; Nashville 2 - Pocatello 0
BOTTOM OF THE 3RD
Pocatello Bellas batting - Pitching for Nashville G-Strings : LHP Kip Manning
Batting: RHB Enrique Mendoza 0-0: Called Strike
0-1: Called Strike
0-2: Ball
1-2: Ground out 2-3 (Groundball, 15S)
Batting: SHB Juan Castro 0-0: Ball
1-0: Foul Ball, location: 2F
1-1: Ground out 4-3 (Groundball, 4)
Batting: LHB José Rivas 0-0: Called Strike
0-1: Fly out, F3 (Line Drive, 34)
Bottom of the 3rd over - 0 runs, 0 hits, 0 errors, 0 left on base; Nashville 2 - Pocatello 0
TOP OF THE 4TH
Nashville G-Strings batting - Pitching for Pocatello Bellas : RHP Derek Simpson
Batting: LHB Richard Olvera 0-0: Ball
1-0: Ball
2-0: Ground out 5-3 (Groundball, 5L)
Batting: LHB George Smith 0-0: Swinging Strike
0-1: Ball
1-1: Ball
2-1: Ball
3-1: Base on Balls
Batting: RHB Eric Thompson 0-0: Called Strike
0-1: Ball
1-1: Foul Ball, location: 2F
1-2: Ball
2-2: Reached on error, E5 (Groundball, 56)
George Smith to second
Batting: LHB Robinson Fernández 0-0: Swinging Strike
0-1: Ball
1-1: Swinging Strike
1-2: Ball
2-2: Ball
3-2: Strikes out looking
Batting: RHB Sergio Márquez 0-0: SINGLE (Line Drive, 6M)
George Smith to third
Eric Thompson to second
Batting: SHB Ricardo Arévalo 0-0: Ball
1-0: Fly out, F8 (Flyball, 8LD)
Top of the 4th over - 0 runs, 1 hit, 1 error, 3 left on base; Nashville 2 - Pocatello 0
BOTTOM OF THE 4TH
Pocatello Bellas batting - Pitching for Nashville G-Strings : LHP Kip Manning
Batting: SHB Shane Hutchinson 0-0: Ball
1-0: Foul Ball, location: 2F
1-1: Swinging Strike
1-2: Ball
2-2: Ball
3-2: Foul Ball, location: 2F
3-2: SINGLE (Line Drive, 6MD)
Batting: RHB Lonnie Anderson 0-0: Foul Ball, location: 2F
0-1: Called Strike
0-2: Ball
1-2: DOUBLE (Flyball, 78D)
Shane Hutchinson to third
Batting: RHB Buck Jones 0-0: Called Strike
0-1: SINGLE (Flyball, 9S)
Shane Hutchinson scores
Lonnie Anderson to third
Runner from 3rd tries for Home, SAFE, no throw
Batting: RHB Javier Deleón 0-0: Fly out, F4 (Popup, 4S)
Batting: RHB Júlio Figueroa 0-0: Called Strike
0-1: Called Strike
0-2: Ball
1-2: Ball
2-2: Ball
3-2: Fly out, F8 (Flyball, 8LD)
Batting: RHB José Herrera 0-0: Called Strike
0-1: Fly out, F3 (Popup, 34S)
Bottom of the 4th over - 2 runs, 3 hits, 0 errors, 1 left on base; Nashville 2 - Pocatello 2
TOP OF THE 5TH
Nashville G-Strings batting - Pitching for Pocatello Bellas : RHP Derek Simpson
Batting: LHB Bob Cunningham 0-0: Ball
1-0: Ball
2-0: Swinging Strike
2-1: SINGLE (Groundball, 34D)
Batting: RHB Wilfred Martin 0-0: Swinging Strike
0-1: Ball
1-1: Ball
2-1: Foul Ball, location: 2F
2-2: Foul Ball, location: 2F
2-2: Ball
Wild Pitch!
Bob Cunningham to second
3-2: Base on Balls
Batting: RHB Jesús Cabrera 0-0: Ball
1-0: Called Strike
1-1: Ball
2-1: Ball
3-1: Grounds into double play, 5-4-3 (Groundball, 56)
Bob Cunningham to third
Batting: LHB Richard Olvera 0-0: Ball
1-0: Ball
2-0: Ball
3-0: Fly out, F3 (Popup, 3SF)
Top of the 5th over - 0 runs, 1 hit, 0 errors, 1 left on base; Nashville 2 - Pocatello 2
BOTTOM OF THE 5TH
Pocatello Bellas batting - Pitching for Nashville G-Strings : LHP Kip Manning
Batting: RHB Enrique Mendoza 0-0: Called Strike
0-1: Foul Ball, location: 2F
0-2: Strikes out swinging
Batting: SHB Juan Castro 0-0: Called Strike
0-1: Ball
1-1: Ball
2-1: SINGLE (Line Drive, 78S)
Batting: LHB José Rivas 0-0: Ball
1-0: Called Strike
1-1: Swinging Strike
1-2: Ball
2-2: Strikes out swinging
Batting: SHB Shane Hutchinson 0-0: Ball
1-0: Called Strike
1-1: Ball
2-1: Foul Ball, location: 2F
2-2: Ball
3-2: Foul Ball, location: 2F
3-2: Foul Ball, location: 2F
3-2: Fly out, F9 (Flyball, 89M)
Bottom of the 5th over - 0 runs, 1 hit, 0 errors, 1 left on base; Nashville 2 - Pocatello 2
TOP OF THE 6TH
Nashville G-Strings batting - Pitching for Pocatello Bellas : RHP Derek Simpson
Pitching: RHP Jing-xiang Fa
Batting: LHB George Smith 0-0: Called Strike
0-1: Swinging Strike
0-2: Foul Ball, location: 2F
0-2: Strikes out looking
Batting: RHB Eric Thompson 0-0: Called Strike
0-1: SINGLE (Line Drive, 4)
Batting: LHB Robinson Fernández 0-0: Called Strike
0-1: Foul Ball, location: 2F
0-2: Ball
1-2: Strikes out swinging
Batting: RHB Sergio Márquez 0-0: Called Strike
0-1: Ball
1-1: Foul Ball, location: 2F
1-2: Ball
2-2: Strikes out looking
Top of the 6th over - 0 runs, 1 hit, 0 errors, 1 left on base; Nashville 2 - Pocatello 2
BOTTOM OF THE 6TH
Pocatello Bellas batting - Pitching for Nashville G-Strings : LHP Kip Manning
Batting: RHB Lonnie Anderson 0-0: Called Strike
0-1: Foul Ball, location: 2F
0-2: Ball
1-2: Ball
2-2: Ground out 5-3 (Groundball, 56)
Batting: RHB Buck Jones 0-0: Swinging Strike
0-1: Foul Ball, location: 2F
0-2: Ball
1-2: Strikes out swinging
Batting: RHB Javier Deleón 0-0: Ball
1-0: Called Strike
1-1: Ball
2-1: Ground out 1-3 (Groundball, 15S)
Bottom of the 6th over - 0 runs, 0 hits, 0 errors, 0 left on base; Nashville 2 - Pocatello 2
TOP OF THE 7TH
Nashville G-Strings batting - Pitching for Pocatello Bellas : RHP Jing-xiang Fa
Batting: SHB Ricardo Arévalo 0-0: Swinging Strike
0-1: Ball
1-1: Foul Ball, location: 2F
1-2: Strikes out swinging
Batting: LHB Bob Cunningham 0-0: Ball
1-0: Called Strike
1-1: Swinging Strike
1-2: Ball
2-2: Fly out, F8 (Flyball, 8RM)
Batting: RHB Wilfred Martin 0-0: Called Strike
0-1: Swinging Strike
0-2: Ball
1-2: Fly out, F7 (Flyball, 7S)
Top of the 7th over - 0 runs, 0 hits, 0 errors, 0 left on base; Nashville 2 - Pocatello 2
BOTTOM OF THE 7TH
Pocatello Bellas batting - Pitching for Nashville G-Strings : LHP Kip Manning
Pitching: RHP Johnathan Phillips
Batting: RHB Júlio Figueroa 0-0: Ball
1-0: Foul Ball, location: 2F
1-1: Ball
2-1: Swinging Strike
2-2: Ball
3-2: DOUBLE (Line Drive, 78D)
Pinch Hitting: RHB António Ortega 0-0: Intentional Walk
Batting: RHB Enrique Mendoza 0-0: Ball
1-0: Sac Bunt - play at third, runner OUT! 2-6
António Ortega to second
Pinch Runner at 2nd John Cotton:
Batting: SHB Juan Castro 0-0: Ball
1-0: 3-RUN HOME RUN (Flyball, 7LD), Distance : 355 ft
Pitching: LHP Raúl Sandoval
Batting: LHB José Rivas 0-0: Ground out 4-3 (Groundball, 4)
Batting: SHB Shane Hutchinson 0-0: Ball
1-0: Called Strike
1-1: Called Strike
1-2: Strikes out swinging
Bottom of the 7th over - 3 runs, 2 hits, 0 errors, 0 left on base; Nashville 2 - Pocatello 5
TOP OF THE 8TH
Nashville G-Strings batting - Pitching for Pocatello Bellas : RHP Jing-xiang Fa
Now at 1B: John Cotton
Batting: RHB Jesús Cabrera 0-0: Called Strike
0-1: Called Strike
0-2: Foul Ball, location: 2F
0-2: Ball
1-2: Foul Ball, location: 2F
1-2: SINGLE (Groundball, 3D)
Batting: LHB Richard Olvera 0-0: Ball
1-0: Swinging Strike
1-1: Ball
2-1: Ball
3-1: Called Strike
3-2: Base on Balls
Jesús Cabrera to second
Batting: LHB George Smith 0-0: Ball
1-0: Grounds into double play, 4-6-3 (Groundball, 4)
Jesús Cabrera to third
Batting: RHB Eric Thompson 0-0: Ball
1-0: Called Strike
1-1: Foul Ball, location: 2F
1-2: Foul Ball, location: 2F
1-2: Ball
2-2: Foul Ball, location: 2F
2-2: Foul Ball, location: 2F
2-2: Foul Ball, location: 2F
2-2: Foul Ball, location: 2F
2-2: Foul Ball, location: 2F
2-2: Ball
3-2: Fly out, F7 (Line Drive, 78S)
Top of the 8th over - 0 runs, 1 hit, 0 errors, 1 left on base; Nashville 2 - Pocatello 5
BOTTOM OF THE 8TH
Pocatello Bellas batting - Pitching for Nashville G-Strings : LHP Raúl Sandoval
Batting: RHB Lonnie Anderson 0-0: Ball
1-0: Ball
2-0: SINGLE (Flyball, 9S)
Batting: RHB Buck Jones 0-0: Ball
1-0: Called Strike
1-1: SINGLE (Flyball, 9S)
Lonnie Anderson to second
Runner from 2nd tries for 3rd, SAFE, no throw
Batting: RHB Javier Deleón 0-0: Fly out, F8 (Line Drive, 8LD)
Runner from 3rd tags up, SCORES, throw made
Batting: RHB Júlio Figueroa 0-0: Ball
1-0: Foul Ball, location: 2F
1-1: DOUBLE (Line Drive, 7LM)
Buck Jones to third
Batting: LHB John Cotton 0-0: Swinging Strike
0-1: Foul Ball, location: 2F
0-2: Ball
1-2: Ball
2-2: Strikes out swinging
Batting: RHB Enrique Mendoza 0-0: Called Strike
0-1: Ball
1-1: Foul Ball, location: 2F
1-2: Strikes out looking
Bottom of the 8th over - 1 run, 3 hits, 0 errors, 2 left on base; Nashville 2 - Pocatello 6
TOP OF THE 9TH
Nashville G-Strings batting - Pitching for Pocatello Bellas : RHP Jing-xiang Fa
Pitching: RHP Jaime Espinoza
Batting: LHB Robinson Fernández 0-0: Ball
1-0: Called Strike
1-1: Ball
2-1: Called Strike
2-2: Strikes out swinging
Batting: RHB Sergio Márquez 0-0: Ball
1-0: Called Strike
1-1: Ball
2-1: Called Strike
2-2: Strikes out looking
Batting: SHB Ricardo Arévalo 0-0: SINGLE (Groundball, 34D)
Batting: LHB Bob Cunningham 0-0: Ground out 4-3 (Groundball, 34)
Top of the 9th over - 0 runs, 1 hit, 0 errors, 1 left on base; Nashville 2 - Pocatello 6
Saturday, April 7th, 2018 - OOTP Baseball 18.8 Build 76